 Dungeon Crawl Stone Soup version 0.21.1-1-g345015f (webtiles) character file.

996 mikered the Skirmisher (level 7, -1/61 HPs)
             Began as a Red Draconian Fighter on Apr 21, 2018.
             Killed themself with a badly aimed iceblast (4 damage)
             ... on level 7 of the Dungeon.
             The game lasted 00:22:53 (3124 turns).

mikered the Skirmisher (Red Draconian Fighter)      Turns: 3124, Time: 00:22:54

Health: -1/61      AC: 11    Str: 20    XL:     7   Next: 99%
Magic:  10/10      EV: 10    Int:  8    God:
Gold:   155        SH: 11    Dex: 11    Spells: 11/11 levels left

rFire    + . .     SeeInvis .   a - +2 flail
rCold    + . .     Gourm    .   g - +2 shield
rNeg     . . .     Faith    .   (armour unavailable)
rPois    .         Spirit   .   (helmet restricted)
rElec    .         Reflect  .   (no cloak)
rCorr    .         Harm     .   f - +0 pair of gloves
MR       .....                  (no boots)
Stlth    ++........             (no amulet)
HPRegen  0.20/turn              h - ring of protection from cold
MPRegen  0.12/turn              c - +4 ring of protection

@: short of breath, flying, drained
A: breathe fire, unfitting armour, fire resistance 1, cold-blooded, AC +6
a: Breathe Fire


You were on level 7 of the Dungeon.
You were not hungry.

You visited 1 branch of the dungeon, and saw 7 of its levels.

You collected 155 gold pieces.

Inventory:

Hand Weapons
 a - a +2 flail (weapon)
Missiles
 e - 5 tomahawks (quivered)
Armour
 b - a +0 shield
 f - a +0 pair of gloves (worn)
 g - a +2 shield (worn)
Jewellery
 c - a +4 ring of protection (right hand)
 h - a ring of protection from cold (left hand)
 n - an uncursed ring of loudness
Wands
 m - a wand of iceblast (8)
Scrolls
 i - 3 scrolls of remove curse
Potions
 j - a potion of degeneration
 l - a potion of cancellation
Comestibles
 d - 5 rations


   Skills:
 - Level 5.1(4.5) Fighting
 + Level 4.7(4.1) Maces & Flails
 - Level 3.2(2.6) Throwing
 - Level 3.2(2.7) Dodging
 - Level 2.0(1.5) Stealth
 - Level 3.6(3.0) Shields
 - Level 2.6(2.1) Spellcasting
 - Level 3.2(2.7) Evocations


You had 11 spell levels left.
You didn't know any spells.

Dungeon Overview and Level Annotations

Branches:
Dungeon (7/15)
 Temple: D:4-7

Altars:

Annotations:
D:2 Sigmund
D:3 Verendum's ghost, amateur MiGl
D:5 Dowan; Duvessa


Innate Abilities, Weirdness & Mutations

You can breathe blasts of fire.
Your fiery red scales are hard. (AC +6)
You cannot fit into any form of body armour.
Your flesh is heat resistant. (rF+)
You are cold-blooded and may be slowed by cold attacks.


Message History

Your shield prevents you from hitting the big kobold.
The big kobold is heavily wounded.
You block the big kobold's attack. The wight hits you with a battleaxe!
* * * LOW HITPOINT WARNING * * *
You barely miss the big kobold.
The big kobold is heavily wounded.
The big kobold hits you with a dagger.
* * * LOW HITPOINT WARNING * * *
You block the big kobold's attack. The wight hits you with a battleaxe!
* * * LOW HITPOINT WARNING * * *
Evoke which item? (* to show all) (? for menu, Esc to quit)
Aiming: Iceblast
Press: ? - help, Shift-Dir - straight line, p - jackal That beam is likely to hit you.
Continue anyway?
Uppercase [Y]es or [N]o only, please.
That beam is likely to hit you.
Continue anyway?
The mass of ice explodes!
The iceblast engulfs the big kobold.
The big kobold is almost dead.
The iceblast engulfs you! You partially resist.
You die...

#.#.###'###+###
#.............#
#.........oo..#
#.......oZzoo.#
#.#.....###z###
#.#.#.### #S#
#.#.#.. #z#
#(#....# #z#
####.. #@# ..#
#K# ..# #c# #h#
#ยง# #h# #F#
... ..#


You could see an orc warrior, a black bear, a big kobold, a bullfrog, a centaur,
4 wights, an orc wizard, an adder, 2 orcs and a jackal.

Vanquished Creatures
  The ghost of Verendum the Cudgeler, an amateur FoAK of Lugonu (D:4)
  A hungry ghost (D:7)
  A bullfrog (D:6)
  2 scorpions
  A centaur zombie (D:5)
  3 orc priests
  A centaur skeleton (D:7)
  An iguana (D:5)
  6 worker ants
  4 orc wizards
  A hound skeleton (D:6)
  4 adders
  2 shadow imps
  An ooze (D:3)
  A worm (D:4)
  2 dart slugs
  6 leopard geckos
  8 orcs
  2 bats
  A giant cockroach (D:3)
  6 goblins
  5 hobgoblins
  5 jackals
  5 kobolds
  2 quokkas
  A ball python (D:2)
  5 frilled lizards
  4 rats
82 creatures vanquished.

Notes
Turn   | Place    | Note
-------+----------+-------------------------------------------
     0 | D:1      | mikered the Draconian Fighter began the quest for the Orb.
     0 | D:1      | Reached XP level 1. HP: 19/19 MP: 1/1
    10 | D:1      | Reached skill level 1 in Stealth
    38 | D:1      | Reached XP level 2. HP: 26/26 MP: 2/2
   597 | D:2      | Noticed Sigmund
   623 | D:3      | Reached XP level 3. HP: 31/31 MP: 3/3
   673 | D:3      | Noticed Verendum's ghost (amateur MiGl)
  1165 | D:4      | Reached XP level 4. HP: 32/38 MP: 4/4
  1432 | D:4      | Reached skill level 4 in Fighting
  1447 | D:5      | Entered Level 5 of the Dungeon
  1519 | D:3      | Reached XP level 5. HP: 41/47 MP: 5/5
  1767 | D:3      | Reached skill level 5 in Fighting
  1842 | D:3      | Reached skill level 1 in Spellcasting
  1874 | D:3      | Reached XP level 6. HP: 30/56 MP: 7/9
  2174 | D:4      | Reached skill level 1 in Throwing
  2331 | D:4      | Noticed Verendum's ghost (amateur FoAK)
  2370 | D:4      | Killed Verendum's ghost
  2671 | D:5      | Your scales start taking on a fiery red colour.
  2671 | D:5      | Reached XP level 7. HP: 40/61 MP: 10/10
  2671 | D:5      | Gained mutation: Your flesh is heat resistant. (rF+) [Red Draconian growth]
  2800 | D:5      | Reached skill level 1 in Evocations
  2845 | D:5      | Noticed Dowan
  2856 | D:5      | Noticed Duvessa
  3089 | D:7      | Noticed a hungry ghost
  3106 | D:7      | Killed a hungry ghost
  3123 | D:7      | HP: 3/61 [wight/battleaxe (7)]
  3124 | D:7      | Killed themself with a badly aimed iceblast

Skill      XL: |  1  2  3  4  5  6  7 |
---------------+----------------------+-----
Stealth        | 1 2 |  2.0
Dodging        | 3 |  3.2
Maces & Flails | 3 4 |  4.7
Fighting       | 4 5 |  5.1
Spellcasting   | 2 |  2.6
Throwing       | 3 |  3.2
Evocations     | 3 |  3.2
Shields        | |  3.6

Action                   |  1- 3 |  4- 6 |  7- 9 || total
-------------------------+-------+-------+-------++-------
Melee: Flail             |    87 |   130 |    72 ||   289
       Tailslap          |     5 |    14 |     6 ||    25
Throw: Tomahawk          |       |     1 |       ||     1
 Abil: Breathe Fire      |       |       |     3 ||     3
  Use: Scroll            |     4 |     3 |     3 ||    10
       Potion            |     5 |     4 |     3 ||    12
 Stab: Sleeping          |     2 |     5 |     2 ||     9
       Distracted        |     1 |       |       ||     1
  Eat: Chunk             |     1 |       |       ||     1
       Ration            |       |     2 |     2 ||     4
Armor: Skin              |    15 |    56 |    29 ||   100
Dodge: Dodged            |    28 |    45 |    38 ||   111
Block: Shield            |    44 |    82 |    49 ||   175
